 Dungeon Crawl Stone Soup version 0.29-a0-542-g075992c915 (webtiles) character file.

Game seed: 9716153984323458067

106465 dolemite99 the Blocker (level 15, -6/118 (119) HPs)
             Began as a Demonspawn Berserker on June 4, 2022.
             Was an Elder of Trog.
             Mangled by an orc warrior
             ... wielding a +0 war axe
              (17 damage)
             ... on level 2 of the Orcish Mines.
             The game lasted 00:39:18 (38592 turns).

dolemite99 the Blocker (Demonspawn Berserker)      Turns: 38592, Time: 00:39:18

HP:   -6/118 (119)  AC: 29    Str: 22    XL:     15   Next: 97%
MP:   0/15          EV:  6    Int: 11    God:    Trog [****..]
Gold: 1843          SH: 13    Dex: 15    Spells: 14/14 levels left

rFire   . . .      SeeInvis +   a - +2 flail (drain)
rCold   . . .      Faith    .   K - +0 kite shield
rNeg    . . .      Spirit   +   C - +0 plate armour
rPois   .          Reflect  .   g - +2 helmet
rElec   .          Harm     .   h - +0 cloak
rCorr   .          Rampage  .   u - +1 pair of gloves "Xenuxt" {Will+ Int+2}
Will    ++...                   (boots unavailable)
Stlth   ..........              r - amulet of guardian spirit
HPRegen 0.29/turn               R - ring of see invisible
MPRegen 0.14/turn               (no ring)

@: sanguine armoured, on berserk cooldown, slowed, lightly drained, very slow
A: hooves 3, foul stench 2, icemail 1, sanguine armour 2, condensation shield
a: Renounce Religion, Berserk, Trog's Hand, Brothers in Arms


You were on level 2 of the Orcish Mines.
You worshipped Trog.
Trog was greatly pleased with you.
You visited 3 branches of the dungeon, and saw 20 of its levels.

You collected 1843 gold pieces.

Inventory:

Hand Weapons
 a - a +2 flail of draining (weapon)
 b - a +3 fustibalus of venom
 I - the +9 mace of Conscience {vorpal, rF++ Will+ Str+4}
   (You found it on level 5 of the Dungeon)

   It inflicts extra damage upon your enemies.
   Str:       It affects your strength (+4).
   rF:        It greatly protects you from fire.
   Will:      It increases your willpower.
 J - a +1 flail of protection
 Q - a +0 trident of venom
Missiles
 p - 16 poisoned darts
 A - 2 throwing nets
 X - 5 javelins
Armour
 g - a +2 helmet (worn)
 h - a +0 cloak (worn)
 u - the +1 pair of gloves "Xenuxt" (worn) {Will+ Int+2}
   (You acquired it on level 8 of the Dungeon)

   Int:       It affects your intelligence (+2).
   Will:      It increases your willpower.
 C - a +0 plate armour (worn)
 K - a +0 kite shield (worn)
 L - a +1 chain mail of willpower
Jewellery
 e - a ring of poison resistance
 r - an amulet of guardian spirit (around neck)
 s - a +6 ring of dexterity
 E - a ring of positive energy
 M - the amulet "Nufaog" {Acrobat rElec rPois rC- Stlth+}
   (You found it on level 10 of the Dungeon)

   [amulet of the acrobat]

   It increases your evasion while moving and waiting.
   rC:        It makes you vulnerable to cold.
   rElec:     It insulates you from electricity.
   rPois:     It protects you from poison.
   Stlth:     It makes you more stealthy.
 O - an amulet of the acrobat
 R - a ring of see invisible (left hand)
 T - a ring of resist corrosion
Wands
 t - a wand of mindburst (7)
 H - a wand of iceblast (16)
 W - a wand of polymorph (3)
 Z - a wand of flame (13)
Scrolls
 d - 2 scrolls of poison
 q - 2 scrolls of fog
 B - 2 scrolls of silence
 V - 2 scrolls of teleportation
Potions
 c - 2 potions of heal wounds
 f - 3 potions of might
 i - a potion of ambrosia
 k - 4 potions of brilliance
 l - 8 potions of mutation
 m - a potion of lignification
 n - 9 potions of curing
 v - 4 potions of magic
 w - a potion of attraction
 x - a potion of berserk rage
 z - 3 potions of cancellation
 D - 6 potions of flight
 F - 4 potions of haste
Miscellaneous
 U - a lightning rod (4/4)


   Skills:
 + Level 11.2 Fighting
 - Level 4.9(9.6) Axes
 - Level 12.8(13.1) Maces & Flails
 - Level 9.3 Slings
 - Level 7.1 Armour
 - Level 1.7 Dodging
 - Level 14.1 Shields
 - Level 7.9 Evocations


You had 14 spell levels left.
You didn't know any spells.
Your spell library contained the following spells:

 Spells                   Type           Power      Damage    Failure   Level
 Conjure Flame            Conj/Fire      0%         6-21      100%        3
 Ignite Poison            Fire/Tmut/Pois 0%         N/A       100%        3
 Sticky Flame             Conj/Fire      0%         2d3       100%        4


Dungeon Overview and Level Annotations

Branches:
Dungeon (12/15)            Temple (0/1) D:5            Lair (6/6) D:10
  Swamp (0/4) Lair:3       Spider (0/4) Lair:4        Slime (0/5) Lair:5
    Orc (2/2) D:12            Elf (0/3) Orc:2

Altars:
Gozag
Sif Muna
Trog
Uskayaw
Jiyva

Shops:
D:1 [   D:4 (   D:7 (

Portals:
Trove: D:12 (give +3 ice dragon scales)

Annotations:
D:9 3 runed translucent doors
D:10 4 runed translucent doors
D:12 3 runed translucent doors, spaghetti's ghost, journeyman OgNe
Lair:3 2 transporters, exclusion: oklob plant, Taemeyri's ghost, journeyman DsMo
Lair:5 3 runed translucent doors, exclusions: downstairs and oklob plant, Ziry's ghost, journeyman DgIE
Lair:6 3 runed translucent doors, spiderkeys's ghost, journeyman FeAK


Innate Abilities, Weirdness & Mutations

You have hooves in place of feet.
You sometimes emit foul miasma when damaged in melee.
A meltable icy envelope protects you from harm. (AC +0)
When seriously injured, your blood forms thick armour. (AC +9)
A meltable shield of frost defends you. (SH +0)


Message History

The orc sorcerer hits you but does no damage.
You miss the orc sorcerer. Your kick misses the orc sorcerer.
The orc sorcerer is lightly wounded.
You hit the orc sorcerer but do no damage.
Your kick misses the orc sorcerer.
The orc sorcerer is lightly wounded.
The orc sorcerer mumbles some strange words.
You feel troubled.
The orc sorcerer gestures wildly while chanting.
You barely miss the orc sorcerer. You kick the orc sorcerer.
The orc sorcerer is lightly wounded.
You sock the orc sorcerer! You drain the orc sorcerer.
The orc sorcerer is severely wounded.
The orc warrior is engulfed in dark miasma.
The orc warrior is poisoned.
The orc warrior seems to slow down.
The orc knight closely misses you. You block the orc sorcerer's attack.
You block the orange demon's attack. x2
You bludgeon the orc sorcerer!!
You kill the orc sorcerer!
Trog accepts your kill.
Trog appreciates your killing of a magic user.
You can now call in reinforcements.
The sun demon disappears in a puff of smoke!
The orange demon disappears in a puff of smoke!
The orc knight hits you with a +0 long sword!!
* * * LOW HITPOINT WARNING * * *
You sock the orc knight! Your kick misses the orc knight.
The orc knight is heavily wounded.
The orc warrior closely misses you.
You barely miss the orc knight. Your kick misses the orc knight.
The orc knight is heavily wounded.
The orc knight hits you with a +0 long sword!
* * * LOW HITPOINT WARNING * * *
You sock the orc knight! You drain the orc knight. You kick the orc knight!
The orc knight is almost dead.
You are no longer berserk.
You are exhausted.
You feel yourself slow down.
The orc warrior hits you with a +0 war axe!!
You die...

...#......................## ##.
.........................#### ##
#.#...#.................###.###
.#.....................###....##
##......................#......#
.............##.............#.##
..............))§..............#
................o§.#...........##
..###..........o@...#....##.#...#
.# ##.........)#....#....###..)#
# #####.#############.###.....
######.###### ### ##....
#.........oo### ####.
...####.####...## ## #o# ###..##
# #.# ##..# # #o# ##)# #


You could see an orc knight (strong, very poisoned, drained) and an orc warrior
(strong, poisoned, slow).

Vanquished Creatures
  Rupert (Lair:5)
  Harold (D:11)
  3 boulder beetles
  8 hydras
  A catoblepas (Lair:5)
  4 death yaks (Lair:5)
  3 two-headed ogres
  An orc high priest (Orc:2)
  A necromancer (Lair:3)
  A deep elf pyromancer (D:12)
  An orc knight (Orc:2)
  2 ugly things
  3 orc sorcerers (Orc:2)
  22 elephants
  A manticore (D:11)
  A cyclops (D:12)
  3 black mambas
  A torpor snail (Lair:6)
  A kobold demonologist (D:11)
  9 cane toads
  16 komodo dragons
  2 unseen horrors
  2 rime drakes
  6 trolls
  13 hornets
  4 polar bears
  26 blink frogs
  9 dream sheep (Lair:6)
  5 slime creatures
  3 jumping spiders (Lair:4)
  3 culicivoras
  A jumping spider (shapeshifter) (D:10)
  A shadow (D:12)
  3 vampires
  43 yaks
  5 basilisks
  A wraith (D:10)
  15 spriggans (Lair:6)
  3 wyverns
  A fire elemental (Lair:1)
  2 redbacks (Lair:4)
  A golden eye (shapeshifter) (D:10)
  2 steam dragons
  3 vampire mosquitoes (D:12)
  3 acid dragons
  A warg (Orc:1)
  9 water moccasins
  9 orc warriors
  2 ice beasts
  5 black bears
  2 elephant zombies (Lair:3)
  30 wolves
  3 boggarts (Lair:6)
  3 ogres
  4 centaurs
  5 kobold brigands
  A komodo dragon zombie (Lair:3)
  11 bullfrogs
  3 scorpions (D:5)
  6 necrophages
  2 gnoll sergeants
  6 wights
  18 killer bees
  6 howler monkeys
  2 electric eels (Lair:3)
  2 lava snakes (D:12)
  4 hounds
  A jelly (D:8)
  2 gnoll shamans
  Crazy Yiuf (D:5)
  8 orc priests
  Natasha (thrice) (D:3)
  16 orc wizards
  6 iguanas
  A mummy (D:10)
  13 gnolls
  10 adders
  4 shadow imps
  2 white imps (D:7)
  An ufetubus (D:7)
  3 worms
  4 dart slugs
  65 orcs
  5 ball pythons
  8 bats
  3 endoplasms
  4 giant cockroaches
  4 goblins
  5 hobgoblins
  8 jackals
  3 quokkas
  2 frilled lizards
  12 kobolds
  7 rats
576 creatures vanquished.

Vanquished Creatures (others)
  A bush (Lair:6)
  52 fungi
  44 plants
  3 withered plants (D:10)
100 creatures vanquished.

Grand Total: 676 creatures vanquished

Notes
Turn   | Place    | Note
-------+----------+-------------------------------------------
     0 | D:1      | dolemite99 the Demonspawn Berserker began the quest for the
                  | Orb.
     0 | D:1      | Reached XP level 1. HP: 18/18 MP: 1/1
   167 | D:1      | Found Cyreoddi's Armour Emporium.
   274 | D:1      | Gained mutation: You have large cloven feet. [demonic
                  | ancestry]
   274 | D:1      | Reached XP level 2. HP: 24/24 MP: 2/2
  1279 | D:2      | Reached skill level 1 in Slings
  1279 | D:2      | Reached XP level 3. HP: 26/29 MP: 3/3
  2378 | D:3      | Gained mutation: You have hoof-like feet. [demonic
                  | ancestry]
  2378 | D:3      | Reached XP level 4. HP: 35/35 MP: 4/4
  2858 | D:3      | Noticed Natasha
  2877 | D:3      | Killed Natasha
  2878 | D:3      | Reached XP level 5. HP: 34/41 MP: 5/5
  3261 | D:3      | Noticed Natasha
  3268 | D:3      | Killed Natasha
  3275 | D:3      | Noticed Natasha
  3294 | D:3      | Killed Natasha
  3295 | D:3      | Reached skill level 5 in Maces & Flails
  3295 | D:3      | Gained mutation: A meltable shield of frost defends you.
                  | (SH +0) [demonic ancestry]
  3295 | D:3      | Reached XP level 6. HP: 10/47 MP: 1/6
  3910 | D:3      | Reached ** piety under Trog
  4390 | D:4      | Noticed an orc warrior
  4396 | D:4      | Reached skill level 1 in Axes
  4402 | D:4      | Killed an orc warrior
  5189 | D:4      | Found Seabrig's Weapon Boutique.
  5267 | D:4      | Gained mutation: You may rarely emit foul miasma when
                  | damaged in melee. [demonic ancestry]
  5267 | D:4      | Reached XP level 7. HP: 49/52 MP: 5/7
  5590 | D:5      | Entered Level 5 of the Dungeon
  6502 | D:5      | Reached skill level 5 in Slings
  6996 | D:5      | HP: 3/76 [iguana (8)]
  6997 | D:5      | Gained mutation: You sometimes emit foul miasma when
                  | damaged in melee. [demonic ancestry]
  6997 | D:5      | Reached XP level 8. HP: 4/58 MP: 0/8
  6997 | D:5      | HP: 1/87 [iguana (4)]
  7454 | D:5      | Found a staircase to the Ecumenical Temple.
  7514 | D:5      | Found an opulent altar of Gozag.
  7586 | D:5      | Found a runed translucent door.
  7590 | D:5      | Noticed Crazy Yiuf
  7598 | D:5      | Killed Crazy Yiuf
  7766 | D:5      | Identified the +9 mace of Conscience {vorpal, rF++ Will+
                  | Str+4}
  8542 | D:7      | Found Deuhieph's Antique Weapon Emporium.
 10295 | D:7      | Gained mutation: You have hooves in place of feet. [demonic
                  | ancestry]
 10295 | D:7      | Reached XP level 9. HP: 63/63 MP: 9/9
 10906 | D:8      | Noticed a two-headed ogre
 10914 | D:8      | Killed a two-headed ogre
 11283 | D:8      | Identified a scroll of acquirement
 11283 | D:8      | Acquired the +1 pair of gloves "Xenuxt" {Will+ Int+2}
 11621 | D:9      | Found a bloodstained altar of Trog.
 11958 | D:9      | Noticed a two-headed ogre
 11964 | D:9      | Killed a two-headed ogre
 12212 | D:9      | Gained mutation: When seriously injured, your blood forms
                  | armour. (AC +9) [demonic ancestry]
 12212 | D:9      | Reached XP level 10. HP: 70/70 MP: 10/10
 14471 | D:9      | Found a runed translucent gate.
 14471 | D:9      | Found a runed translucent gate.
 14471 | D:9      | Noticed a cyan ugly thing
 14473 | D:9      | Found a runed translucent gate.
 14473 | D:9      | Noticed a purple ugly thing
 14473 | D:9      | Noticed a deep troll
 14473 | D:9      | Noticed a cyan ugly thing
 14474 | D:9      | Noticed a red ugly thing
 14475 | D:9      | Noticed a purple ugly thing
 14475 | D:9      | Noticed a cyclops
 14475 | D:9      | a deep troll changed into a cyclops
 14476 | D:9      | a cyclops changed into a dream sheep
 14641 | D:9      | Found an opulent altar of Gozag.
 14842 | D:9      | Noticed a salamander
 14842 | D:9      | a culicivora changed into a salamander
 14847 | D:9      | a salamander changed into a raiju
 14865 | D:10     | Entered Level 10 of the Dungeon
 14893 | D:10     | Identified the amulet "Nufaog" {Acrobat rElec rPois rC-
                  | Stlth+}
 15049 | D:10     | Found a hide-covered altar of Uskayaw.
 15080 | D:10     | Reached skill level 5 in Armour
 15303 | D:10     | Noticed an elephant
 15664 | D:10     | Found a staircase to the Lair.
 15685 | D:10     | Killed an elephant
 15916 | Lair:1   | Entered Level 1 of the Lair of Beasts
 16654 | D:10     | Reached XP level 11. HP: 54/78 MP: 11/11
 16665 | D:10     | Reached skill level 5 in Fighting
 17050 | D:10     | Found a large runed translucent door.
 17050 | D:10     | Found a large runed translucent door.
 17313 | D:10     | Noticed a death knight
 17323 | D:10     | Found a large runed translucent door.
 17323 | D:10     | Found a large runed translucent door.
 17669 | D:10     | Noticed a lindwurm
 17764 | D:10     | Paralysed by a hornet for 3 turns
 18280 | D:11     | Noticed a two-headed ogre
 18294 | D:11     | Killed a two-headed ogre
 18705 | D:10     | Noticed a deep troll
 18705 | D:10     | a merfolk changed into a deep troll
 18715 | D:10     | Noticed an anaconda
 18715 | D:10     | a deep troll changed into an anaconda
 18717 | D:10     | an anaconda changed into an eye of devastation
 19226 | D:10     | Noticed a shock serpent
 19226 | D:10     | a manticore changed into a shock serpent
 19800 | Lair:1   | Reached skill level 10 in Maces & Flails
 21016 | Lair:2   | Noticed an eight-headed hydra
 21027 | Lair:2   | Killed an eight-headed hydra
 21028 | Lair:2   | Reached XP level 12. HP: 94/94 MP: 10/12
 22196 | Lair:3   | Found a transporter.
 22196 | Lair:3   | Noticed a five-headed hydra
 22206 | Lair:3   | Found a staircase to the Swamp.
 22984 | Lair:3   | Found a transporter.
 22986 | Lair:3   | Noticed Taemeyri's ghost (journeyman DsMo)
 23561 | Lair:2   | Gained mutation: A meltable icy envelope protects you from
                  | harm. (AC +0) [demonic ancestry]
 23561 | Lair:2   | Reached XP level 13. HP: 99/99 MP: 13/13
 23562 | Lair:2   | Reached skill level 6 in Shields
 23562 | Lair:2   | Reached XP level 14. HP: 106/106 MP: 14/14
 25127 | Lair:4   | Found a hole to the Spider Nest.
 25261 | Lair:4   | Reached skill level 7 in Shields
 26223 | Lair:5   | You fall into a shaft and drop 1 floor!
 26223 | Lair:6   | Entered Level 6 of the Lair of Beasts
 26355 | Lair:6   | Reached skill level 8 in Shields
 26512 | Lair:6   | Reached skill level 9 in Shields
 26523 | Lair:6   | Reached *** piety under Trog
 26863 | Lair:5   | Reached skill level 10 in Shields
 27349 | Lair:5   | Found a shimmering blue altar of Sif Muna.
 27681 | Lair:5   | Gained mutation: When seriously injured, your blood forms
                  | thick armour. (AC +9) [demonic ancestry]
 27681 | Lair:5   | Reached XP level 15. HP: 104/112 MP: 13/15
 28056 | Lair:5   | Reached skill level 11 in Shields
 28232 | Lair:5   | Found a viscous altar of Jiyva.
 28232 | Lair:5   | Found a staircase to the Slime Pits.
 28482 | Lair:5   | Found a runed translucent gate.
 28482 | Lair:5   | Found a runed translucent gate.
 28482 | Lair:5   | Found a runed translucent gate.
 28487 | Lair:5   | Noticed Ziry's ghost (journeyman DgIE)
 29014 | Lair:6   | Noticed Nessos
 29333 | Lair:6   | Noticed Rupert
 29466 | Lair:5   | Killed Rupert
 29870 | Lair:6   | Reached skill level 12 in Shields
 30282 | Lair:6   | Noticed Nessos
 30282 | Lair:6   | Nessos changed into Nessos the culicivora
 30290 | Lair:6   | Killed Nessos the culicivora
 30824 | Lair:6   | Reached skill level 13 in Shields
 30825 | Lair:6   | Paralysed by a hornet for 3 turns
 31088 | Lair:6   | Paralysed by a hornet for 2 turns
 31449 | Lair:6   | Noticed spiderkeys's ghost (journeyman FeAK)
 31457 | Lair:6   | Found a runed translucent gate.
 31457 | Lair:6   | Found a runed translucent gate.
 31457 | Lair:6   | Found a runed translucent gate.
 31744 | Lair:6   | Paralysed by a hornet for 2 turns
 32057 | Lair:6   | Reached skill level 14 in Shields
 34825 | D:11     | Noticed Harold
 34832 | D:11     | Killed Harold
 35499 | D:12     | Found a gate leading to a gauntlet.
 36101 | D:12     | Found a runed translucent gate.
 36101 | D:12     | Found a runed translucent gate.
 36113 | D:12     | Noticed spaghetti's ghost (journeyman OgNe)
 36118 | D:12     | Found a runed translucent gate.
 36256 | D:12     | Found a portal to a secret trove of treasure.
 36409 | D:12     | Reached skill level 10 in Fighting
 36805 | D:12     | Found a staircase to the Orcish Mines.
 37470 | Orc:1    | Entered Level 1 of the Orcish Mines
 38002 | Orc:2    | Entered Level 2 of the Orcish Mines
 38100 | Orc:1    | Reached **** piety under Trog
 38361 | Orc:2    | Found a staircase to the Elven Halls.
 38592 | Orc:2    | Mangled by an orc warrior

Illustrated notes

Levels and vault maps discovered:
D:1:      dpeg_arrival_round_c, layout_basic, serial_shops, shop
D:2:      layout_basic
D:3:      layout_basic, uniq_natasha
D:4:      layout_loops_cross, serial_shops, shop,
          hangedman_abyss_or_decor_stagger
D:5:      layout_rooms, nicolae_gozag_seed_capital, minmay_temple_entry_slanted,
          chequers_serial_rivers_micro_d, uniq_crazy_yiuf_cottage
D:6:      layout_cave_pools
D:7:      layout_loops_ring, serial_shops, nicolae_shop_waterfront
D:8:      layout_basic, enter_bailey_2
D:9:      layout_cave_pods, ploomutoo_gammafunk_ghost_potion_laboratory,
          nicolae_concentric_dashed_squares_mild,
          chequers_serial_rivers_micro_b, hangedman_feature_mirror,
          grunt_decor_cap, minivault_11
D:10:     layout_small_grid, eat_drink_and_be_merry_uskayaw, david_lair_generic,
          serial_undead, serial_undead_a, serial_undead_a, serial_undead_c,
          serial_undead_c, minmay_hollow_rounded_squares
D:11:     layout_grid_maze, uniq_harold
D:12:     layout_small_grid, hiddenorc1_lemuel, gauntlet_entry_generic,
          gammafunk_ghost_hydra_chop, nicolae_trove_entry_crystal,
          kennysheep_path_1
Lair:1:   layout_gridlike
Lair:2:   layout_cave_pods, serial_bayou_shore_a, grunt_megastairs_2
Lair:3:   pond_and_an_island_with_a_cottage, layout_hall_layers, swamp_mist,
          nzn_ghost_randoct
Lair:4:   layout_layer_cave, nicolae_spider_entry_tight_spaces,
          chequers_serial_rivers_large_b
Lair:5:   layout_cave_pods, dpeg_slime_entry_enclosed_altar, basic_altar,
          gammafunk_ghost_necromancy, nicolae_quartered_pool_little
Lair:6:   minmay_lair_end_enchanted_forest, layout_layer_cave,
          gammafunk_ghost_split, dreamdust_wasp_nest, serial_bayou_shore_b,
          uniq_rupert, uniq_nessos
Orc:1:    layout_diamond_mine, mines_bat_river
Orc:2:    st_orc_elflike, layout_caves

Skill      XL: |  1  2  3  4  5  6  7  8  9 10 11 12 13 14 15 |
---------------+----------------------------------------------+-----
Maces & Flails | 3 4 5 6 8 9 11 12 | 12.8
Slings         | 1 2 3 4 5 7 9 |  9.3
Axes           | 2 4 |  4.9
Armour         | 6 7 |  7.1
Fighting       | 4 8 11 | 11.2
Evocations     | 7 |  7.9
Shields        | 6 10 14 | 14.1
Dodging        | |  1.7

Action                   |  1- 3 |  4- 6 |  7- 9 | 10-12 | 13-15 || total
-------------------------+-------+-------+-------+-------+-------++-------
Melee: Mace              |    38 |    64 |    95 |    95 |       ||   292
       Kick              |     3 |    23 |    26 |   141 |   328 ||   521
       Punch             |       |     1 |     2 |     4 |       ||     7
       War axe           |       |    28 |    35 |       |       ||    63
       Flail             |       |       |       |   361 |   791 ||  1152
       Fustibalus        |       |       |       |       |     4 ||     4
 Fire: Fustibalus        |    75 |    54 |   147 |   234 |   462 ||   972
Invok: Berserk           |     4 |     5 |    11 |    14 |    12 ||    46
       Trog's Hand       |       |       |     5 |    14 |    31 ||    50
Evoke: Wand              |       |       |       |     7 |    13 ||    20
       Lightning rod     |       |       |       |       |    11 ||    11
  Use: Scroll            |     4 |       |     9 |    15 |    16 ||    44
       Potion            |       |     2 |       |     4 |     4 ||    10
 Stab: Invisible         |       |       |       |       |     1 ||     1
Armor: Animal skin       |     9 |       |       |       |       ||     9
       Scale mail        |    38 |    40 |       |       |       ||    78
       Plate armour      |       |    20 |   150 |   426 |   552 ||  1148
Dodge: Dodged            |    69 |    72 |    79 |   237 |   202 ||   659
Block: Other             |       |    12 |    32 |   133 |       ||   177
       Kite shield       |       |       |       |       |   833 ||   833

Table legend: (Time is in decaauts)
 A = Elapsed time spent in this place.
 B = Non-inter-level travel time spent in this place.
 C = Inter-level travel time spent in this place.
 D = Time resting spent in this place.
 E = Time spent auto-exploring this place.
 F = Levels seen in this place.
 G = Mean time per level.
                   A        B        C        D        E       F      G
               +--------+--------+--------+--------+--------+-----+--------+
         Total |  39438 |  38205 |   1233 |  16605 |  15178 |  20 | 1971.9 |
       Dungeon |  24047 |  23246 |    801 |  10922 |   8517 |  12 | 2003.9 |
          Lair |  14233 |  13826 |    407 |   5653 |   5918 |   6 | 2372.2 |
  Orcish Mines |   1158 |   1134 |     24 |     30 |    743 |   2 |  579.0 |
               +--------+--------+--------+--------+--------+-----+--------+

Top non-repeatable levels by time:
    D:10: 4178 daAuts
  Lair:6: 3807 daAuts
  Lair:5: 3151 daAuts
    D:11: 2661 daAuts
     D:8: 2442 daAuts
     D:5: 2280 daAuts
  Lair:4: 2129 daAuts
     D:7: 2074 daAuts
  Lair:3: 2008 daAuts
     D:9: 1980 daAuts
    D:12: 1901 daAuts
  Lair:1: 1843 daAuts
     D:3: 1654 daAuts
     D:4: 1540 daAuts
     D:2: 1408 daAuts
